 Dungeon Crawl Stone Soup version 0.28-a0-998-gb9e9c7b67e (webtiles) character file.

Game seed: 8382321499456323722

26 vineage the Skirmisher (level 3, -1/24 HPs)
             Began as a Gargoyle Fighter on Dec 5, 2021.
             Slain by Natasha (6 damage)
             ... on level 2 of the Dungeon.
             The game lasted 00:01:21 (1666 turns).

vineage the Skirmisher (Gargoyle Fighter)           Turns: 1666, Time: 00:01:21

Health: -1/24      AC: 10    Str: 19    XL:     3   Next: 8%
Magic:  3/3        EV:  9    Int:  8    God:
Gold:   48         SH:  4    Dex: 11    Spells: 2/2 levels left

rFire   . . .      SeeInvis .   a - +0 flail
rCold   . . .      Faith    .   c - +0 buckler
rNeg    + . .      Spirit   .   b - +0 scale mail
rPois   ∞          Reflect  .   (no helmet)
rElec   +          Harm     .   (no cloak)
rCorr   .          Rampage  .   (no gloves)
Will    .....                   (no boots)
Stlth   ..........              (no amulet)
HPRegen 0.08/turn               (no ring)
MPRegen 0.08/turn               (no ring)

@: slowed, very slow
A: sickness immunity, AC +3, negative energy resistance 1, electricity
resistance, torment resistance 1, petrification resistance
a: no special abilities


You were on level 2 of the Dungeon.
You visited 1 branch of the dungeon, and saw 2 of its levels.

You collected 48 gold pieces.

Inventory:

Hand Weapons
 a - a +0 flail (weapon)
Armour
 b - a +0 scale mail (worn)
 c - a +0 buckler (worn)
Scrolls
 j - a scroll of teleportation {unknown}
Potions
 e - a potion of magic {unknown}
 f - a potion of haste
 g - a potion of ambrosia {unknown}
 i - 2 potions of degeneration {unknown}


   Skills:
 + Level 4.0 Fighting
 + Level 2.8 Maces & Flails
 - Level 3.2 Armour
 - Level 3.2 Shields


You had 2 spell levels left.
You didn't know any spells.
Your spell library contained the following spells:

 Spells                   Type           Power      Damage    Failure   Level
 Tukima's Dance           Hex            0%         N/A       99%         3
 Passage of Golubria      Tloc           0%         N/A       100%        4
 Yara's Violent Unravell  Hex/Tmut       0%         3d3       100%        5


Dungeon Overview and Level Annotations

Branches:
Dungeon (2/15)

Altars:

Annotations:
D:2 Natasha, Sigmund


Innate Abilities, Weirdness & Mutations

You are immune to sickness and miasma.
Your stone body is resilient. (AC +3)
You are immune to poison.
You resist negative energy. (rN+)
You are resistant to electric shocks. (rElec)
You are resistant to unholy torment.
You are immune to petrification.


Message History

You are too injured to fight recklessly!
You are too injured to fight recklessly!
You are too injured to fight recklessly!
You are too injured to fight recklessly!
You are too injured to fight recklessly!
You are too injured to fight recklessly!
You are too injured to fight recklessly!
You are too injured to fight recklessly!
You are too injured to fight recklessly!
You are too injured to fight recklessly!
You are too injured to fight recklessly!
You are too injured to fight recklessly!
You are too injured to fight recklessly!
You are too injured to fight recklessly!
You are too injured to fight recklessly!
You are too injured to fight recklessly!
You are too injured to fight recklessly!
Your scale mail prevents you from hitting Natasha.
Natasha is severely wounded.
The goblin hits you but does no damage. You block Natasha's attack.
You barely miss Natasha.
Natasha is severely wounded.
The goblin hits you but does no damage.
Natasha mumbles some strange words.
The goblin hits you but does no damage. Natasha casts a spell at you.
You feel yourself slow down.
You hit Natasha.
Natasha is almost dead.
You block the goblin's attack. Natasha claws you.
* * * LOW HITPOINT WARNING * * *
The crimson imp shouts, "Back with thee, thou unctious spleeny surfacer!"
The crimson imp hits you.
* * * LOW HITPOINT WARNING * * *
You block the goblin's attack. Natasha barely misses you.
You hit Natasha.
Natasha is almost dead.
The crimson imp hits you but does no damage.
The goblin hits you but does no damage. Natasha claws you.
You die...

...>.............................
#.##.####.##..........###########
...#.#....##..............#
...#.#.#####..............#
.###.#....................#
<....#....................#
.#.#.#....................#
...#.#..........5h........#
...#.#...(......@g..........
...#.#....................#.
..##.#.......$..........
..##.#..................
..'..######...#####.#### ..####
#...# ... ..# #...# ### ### #...#
#...#


You could see Natasha, a crimson imp (summoned) and a goblin.

Vanquished Creatures
  A bat (D:2)
  4 endoplasms
  A goblin (D:2)
  A hobgoblin (D:2)
  7 jackals (D:1)
  4 kobolds (D:1)
  A quokka (D:1)
  A ball python (D:2)
  2 rats (D:1)
22 creatures vanquished.

Notes
Turn   | Place    | Note
-------+----------+-------------------------------------------
     0 | D:1      | vineage the Gargoyle Fighter began the quest for the Orb.
     0 | D:1      | Reached XP level 1. HP: 14/14 MP: 1/1
   327 | D:1      | Reached XP level 2. HP: 17/19 MP: 2/2
  1187 | D:2      | Reached XP level 3. HP: 20/24 MP: 3/3
  1294 | D:2      | Reached skill level 4 in Fighting
  1367 | D:2      | Noticed Sigmund
  1368 | D:2      | Noticed Natasha
  1666 | D:2      | Slain by Natasha

Illustrated notes

Levels and vault maps discovered:
D:1:      minmay_arrival_shattered_statue, layout_basic, minivault_27,
          corexii_corridor_pit
D:2:      minmay_door_path, layout_basic, uniq_sigmund, uniq_natasha

Skill      XL: |  1  2  3 |
---------------+----------+-----
Fighting       | 4 |  4.0
Maces & Flails | |  2.8
Armour         | |  3.2
Shields        | |  3.2

Action                   || total
-------------------------++-------
Melee: Flail             ||    78
  Use: Scroll            ||     4
       Potion            ||     2
Armor: Scale mail        ||    56
Dodge: Dodged            ||    47
Block: Buckler           ||    16

Table legend: (Time is in decaauts)
 A = Elapsed time spent in this place.
 B = Non-inter-level travel time spent in this place.
 C = Inter-level travel time spent in this place.
 D = Time resting spent in this place.
 E = Time spent auto-exploring this place.
 F = Levels seen in this place.
 G = Mean time per level.
                   A        B        C        D        E       F      G
               +--------+--------+--------+--------+--------+-----+--------+
         Total |   1673 |   1648 |     25 |    199 |   1261 |   2 |  836.5 |
       Dungeon |   1673 |   1648 |     25 |    199 |   1261 |   2 |  836.5 |
               +--------+--------+--------+--------+--------+-----+--------+

Top non-repeatable levels by time:
     D:1: 1061 daAuts
     D:2: 612 daAuts
